 Dungeon Crawl Stone Soup version 0.26-a0-591-g04f19ec95a (webtiles) character file.

Game seed: 12969268365483231715

80095 MrRokkomies the Tainter (level 15, -1/92 HPs)
             Began as a Tengu Venom Mage on Aug 24, 2020.
             Was a High Priest of Sif Muna.
             Slain by a seven-headed hydra (3 damage)
             ... while petrified by a basilisk
             ... on level 15 of the Dungeon.
             The game lasted 01:06:09 (28906 turns).

MrRokkomies the Tainter (Tengu Venom Mage)         Turns: 28906, Time: 01:06:11

Health: -1/92      AC: 15    Str:  9    XL:     15   Next: 65%
Magic:  11/28      EV:  2    Int: 23    God:    Sif Muna [*****.]
Gold:   1473       SH:  0    Dex: 15    Spells: 2/30 levels left

rFire    + + .     SeeInvis +   a - +2 Maxwell's thermic engine {flame, freeze}
rCold    + . .     Faith    +   U - +0 buckler
rNeg     + + +     Spirit   .   k - +2 robe {rC+ rF+}
rPois    ∞         Reflect  .   E - +2 hat {SInv}
rElec    .         Harm     .   M - +2 cloak of Daxtoduf {Int+2 Stlth+}
rCorr    .                      r - +1 pair of gloves
MR       +....                  (boots unavailable)
Stlth    +++.......             h - amulet of faith
HPRegen  0.25/turn              u - +4 ring of protection
MPRegen  0.21/turn              H - ring of protection from fire

@: petrified, flying quickly and evasively, quick
A: beak, talons 3, able to fly
a: Stop Flying, Channel Magic, Forget Spell, Divine Exegesis, Renounce Religion


You were on level 15 of the Dungeon.
You worshipped Sif Muna.
Sif Muna was extremely pleased with you.
You visited 4 branches of the dungeon, and saw 22 of its levels.
You also visited: Gauntlet.

You collected 3349 gold pieces.
You spent 1876 gold pieces at shops.

Inventory:

Hand Weapons
 a - the +2 Maxwell's thermic engine (weapon) {flame, freeze}
   (You bought it in a shop on level 8 of the Dungeon)

   It has been specially enchanted to burn those struck by it, causing extra
   injury to most foes and up to half again as much damage against particularly
   susceptible opponents.
   Big, fiery blades are also staple armaments of hydra-hunters.
   It has been specially enchanted to freeze those struck by it, causing extra
   injury to most foes and up to half again as much damage against particularly
   susceptible opponents.
Missiles
 l - a throwing net (quivered)
Armour
 k - a +2 robe of resistance (worn)
 r - a +1 pair of gloves (worn)
 E - a +2 hat of see invisible (worn)
 M - the +2 cloak of Daxtoduf (worn) {Int+2 Stlth+}
   (You found it in a Gauntlet)

   It affects your intelligence (+2).
   It makes you more stealthy.
 T - +0 fire dragon scales
 U - a +0 buckler (worn)
Jewellery
 b - an uncursed ring of fire
 c - an uncursed ring of magical power
 h - an amulet of faith (around neck)
 n - an uncursed ring of poison resistance
 u - a +4 ring of protection (left hand)
 H - a ring of protection from fire (right hand)
 P - an uncursed ring of ice
Wands
 w - a wand of acid (19)
 A - a wand of disintegration (17)
 C - a wand of flame (51)
 D - a wand of iceblast (2)
 F - a wand of polymorph (20)
 G - a wand of enslavement (13)
 Q - a wand of paralysis (7)
 S - a wand of random effects (24)
Scrolls
 d - 7 scrolls of amnesia
 i - 4 scrolls of magic mapping
 m - 2 scrolls of holy word
 p - 7 scrolls of teleportation
 q - 3 scrolls of immolation
 s - 8 scrolls of remove curse
 v - 4 scrolls of enchant armour
 y - 5 scrolls of enchant weapon
 z - a scroll of blinking
 B - 3 scrolls of fear
 I - 3 scrolls of identify
Potions
 e - a potion of ambrosia
 f - 5 potions of brilliance
 g - 2 potions of berserk rage
 j - a potion of resistance
 o - 4 potions of lignification
 t - 8 potions of curing
 x - 4 potions of cancellation
 K - a potion of might
 L - 2 potions of heal wounds
 N - 2 potions of magic
 O - a potion of stabbing
 R - a potion of haste
Miscellaneous
 J - a phantom mirror


   Skills:
 - Level 10.3 Fighting
 + Level 10.5 Long Blades
 - Level 12.0 Dodging
 - Level 2.0 Stealth
 * Level 1.1 Shields
 - Level 8.2 Spellcasting
 - Level 10.0 Necromancy
 - Level 6.0 Transmutations
 - Level 4.0 Fire Magic
 - Level 5.0 Air Magic
 * Level 12.1 Poison Magic
 + Level 8.2 Invocations


You had 2 spell levels left.
You knew the following spells:

 Your Spells              Type           Power        Failure   Level
a - Sting                 Tmut/Pois      ####         1%          1
b - Poisonous Vapours     Pois/Air       #####.       1%          2
c - Mephitic Cloud        Conj/Pois/Air  #####...     2%          3
d - Ignite Poison         Fire/Tmut/Pois #####...     1%          3
e - Olgreb's Toxic Radia  Pois           ######..     1%          4
f - Animate Dead          Necr           ######....   1%          4
g - Eringya's Noxious Bo  Tmut/Pois      ######....   34%         6
h - Irradiate             Conj/Tmut      ###.......   61%         5

Your spell library contained the following spells:

 Spells                   Type           Power        Failure   Level
 Animate Skeleton         Necr           ######       1%          1
 Beastly Appendage        Tmut           #####.       1%          1
 Pain                     Necr           ####         1%          1
 Sublimation of Blood     Necr           ######....   1%          2
 Wereblood                Tmut           #####...     1%          2
 Shock                    Conj/Air       ###.         3%          1
 Passwall                 Tmut/Erth      ###.....     4%          2
 Corona                   Hex            #......      10%         1
 Freeze                   Ice            #...         10%         1
 Summon Small Mammal      Summ           #...         10%         1
 Ensorcelled Hibernation  Hex/Ice        #.....       14%         2
 Slow                     Hex            #.......     14%         2
 Spider Form              Tmut/Pois      ######....   1%          3
 Vampiric Draining        Necr           ######....   1%          3
 Agony                    Necr           ######..     4%          5
 Excruciating Wounds      Necr           ######....   4%          5
 Alistair's Intoxication  Tmut/Pois      ######...    6%          5
 Static Discharge         Conj/Air       ###.....     11%         3
 Inner Flame              Hex/Fire       ###.....     13%         3
 Blade Hands              Tmut           #####.....   22%         5
 Confusing Touch          Hex            #.......     28%         3
 Dazzling Flash           Conj/Hex       #.....       28%         3
 Frozen Ramparts          Ice            #.....       28%         3
 Gell's Gravitas          Tloc           #.........   28%         3
 Portal Projectile        Hex/Tloc       #.....       28%         3
 Summon Guardian Golem    Hex/Summ       #.......     28%         3
 Tukima's Dance           Hex            #.......     28%         3
 Ice Form                 Ice/Tmut       ###.....     28%         4
 Petrify                  Tmut/Erth      ###.....     28%         4
 Yara's Violent Unravell  Hex/Tmut       ###.......   61%         5
 Fulminant Prism          Conj/Hex       #.........   67%         4
 Hailstorm                Conj/Ice       #.......     67%         4
 Leda's Liquefaction      Hex/Erth       #.........   67%         4
 Hydra Form               Tmut           #####.....   77%         6
 Lee's Rapid Deconstruct  Erth           #.........   95%         5
 Metabolic Englaciation   Hex/Ice        #.........   95%         5
 Summon Forest            Summ/Tloc      #.........   95%         5
 Summon Mana Viper        Hex/Summ       #.......     95%         5
 Conjure Ball Lightning   Conj/Air       ###.......   99%         6
 Dispersal                Tloc           #.........   100%        6
 Freezing Cloud           Conj/Ice/Air   ###.......   100%        6
 Starburst                Conj/Fire      ###.......   100%        6
 Borgnjor's Revivificati  Necr           ######....   100%        8
 Disjunction              Tloc           #.........   100%        8
 Lehudib's Crystal Spear  Conj/Erth      #.........   100%        8
 Necromutation            Tmut/Necr      #####.....   100%        8


Dungeon Overview and Level Annotations

Branches:
Dungeon (12/15)            Temple (1/1) D:6            Lair (6/6) D:11
 Shoals (0/4) Lair:4       Spider (0/4) Lair:3        Slime (0/5) Lair:5
    Orc (2/2) D:10            Elf (0/3) Orc:2       Gauntlet (visited)

Altars:
Ashenzari
Cheibriados
Dithmenos
Elyvilon
Fedhas
Gozag
Hepliaklqana
Kikubaaqudgha
Makhleb
Nemelex Xobeh
Okawaru
Qazlal
Ru
Sif Muna
Trog
Uskayaw
Vehumet
Wu Jian
Xom
Yredelemnul
Zin
The Shining One
Beogh
Jiyva

Shops:
D:6 =(   D:8 (:(   D:12 !   Orc:2 :*=[(}

Portals:
Trove: D:12 (give 4 scrolls of fog)

Annotations:
D:8 exclusion: statue
D:15 Jorgrun
Lair:5 1 runed translucent door


Innate Abilities, Weirdness & Mutations

You have a beak for a mouth.
You have claws for feet.
You can fly continuously.


Message History

The two-headed ogre shouts in stereo!
You hear a grinding noise.
Found a potion of berserk rage. 2 yaktaurs come into view.
You hear a grinding noise.
The two-headed ogre hits you with a +0 giant spiked club!
The two-headed ogre barely misses you.
The yaktaur shouts!
You hear a shout!
You hear a grinding noise.
The yaktaur wields a +0 arbalest.
The yaktaur shoots a bolt.
The bolt hits you!!
The two-headed ogre hits you with a +0 giant spiked club!
* * * LOW HITPOINT WARNING * * *
The two-headed ogre hits you with a +0 giant club!
* * * LOW HITPOINT WARNING * * *
A yaktaur comes into view.
The yaktaur shoots a bolt.
The bolt hits you!
* * * LOW HITPOINT WARNING * * *
The seven-headed hydra bites you!
* * * LOW HITPOINT WARNING * * *
The seven-headed hydra bites you!
You die...

.............
............#
............#
............#
............###
...............
......OD...!...
.......@....#
............#
#####
............#
##)..##
......#####.#
#..(..# ####.. #
#.....# #c.
#.....# #c
##...## .c
########'######
.......
##...##.....##..


You could see a seven-headed hydra, a two-headed ogre and 3 yaktaurs.

Vanquished Creatures
  Gastronok (Lair:1)
  An orc warlord (Orc:2)
  A minotaur (Gauntlet)
  An ettin (Orc:1)
  3 fire dragons
  6 hydras
  3 two-headed ogres (Orc:2)
  13 death yaks
  An ogre mage (Orc:2)
  A tengu warrior (Gauntlet)
  4 orc high priests (Orc:2)
  A swamp dragon (Lair:6)
  7 orc knights
  An ugly thing (D:12)
  A cyclops (D:12)
  4 orc sorcerers (Orc:2)
  3 deep elf magi
  2 oklob plants (Lair:2)
  A manticore (D:11)
  A centaur zombie (D:15)
  8 black mambas
  Joseph (D:8)
  4 elephants (Lair:2)
  2 gargoyles
  8 cane toads
  An efreet (D:15)
  A centaur skeleton (D:15)
  14 rime drakes
  8 komodo dragons
  2 tengu conjurers
  A polar bear (Lair:6)
  5 trolls
  3 blink frogs (Lair:1)
  A snapping turtle (shapeshifter) (D:15)
  13 hippogriffs
  4 wyverns
  3 shadows
  5 basilisks
  40 yaks
  Eustachio (D:4)
  15 steam dragons (Lair:6)
  6 vampire mosquitoes
  Menkaure (D:5)
  Edmund (D:5)
  6 wargs
  Duvessa (D:5)
  7 porcupines
  16 water moccasins
  3 ice beasts
  2 swamp drakes (Lair:6)
  49 orc warriors
  A phantom (D:4)
  2 black bears
  3 sky beasts
  17 ogres
  An eye of draining (D:9)
  12 wolves
  10 centaurs
  22 crocodiles
  A big kobold (D:11)
  Blork the orc (D:5)
  13 bullfrogs
  A wyvern skeleton (D:12)
  Dowan (D:5)
  3 scorpions
  5 killer bees (D:9)
  4 wights (D:7)
  A howler monkey (D:8)
  An electric eel (D:9)
  A quasit (D:5)
  3 jellies
  3 hounds
  2 bullfrog skeletons
  25 orc priests
  Crazy Yiuf (D:4)
  42 orc wizards
  Jessica (D:3)
  8 iguanas
  Natasha (thrice) (D:4)
  5 worker ants
  A hound skeleton (D:10)
  Robin (D:3)
  A worker ant zombie (D:9)
  5 gnolls
  6 adders
  A shadow imp (D:7)
  A white imp (D:9)
  An ufetubus (D:7)
  An adder zombie (D:8)
  An adder skeleton (D:4)
  A worm (D:4)
  6 leopard geckos
  133 orcs
  A ball python (D:5)
  2 giant cockroaches
  15 goblins
  8 hobgoblins
  11 jackals
  14 kobolds
  5 quokkas
  6 bats
  3 frilled lizards
  A jackal skeleton (D:4)
  2 jackal zombies
  A leopard gecko zombie (D:5)
  A quokka skeleton (D:5)
  4 rats
714 creatures vanquished.

Vanquished Creatures (collateral kills)
  A death yak (Lair:2)
  A wolf (Lair:2)
2 creatures vanquished.

Vanquished Creatures (others)
  2 hydras
  A komodo dragon (D:15)
  A demonic plant (Gauntlet)
  31 fungi
  66 plants
101 creatures vanquished.

Grand Total: 817 creatures vanquished

Notes
Turn   | Place    | Note
-------+----------+-------------------------------------------
     0 | D:1      | MrRokkomies the Tengu Venom Mage began the quest for the
                  | Orb.
     0 | D:1      | Reached XP level 1. HP: 10/10 MP: 4/4
   328 | D:1      | Reached skill level 1 in Fighting
   328 | D:1      | Reached skill level 1 in Transmutations
   328 | D:1      | Reached XP level 2. HP: 12/16 MP: 6/6
   409 | D:1      | Learned a level 2 spell: Poisonous Vapours
   650 | D:1      | Reached XP level 3. HP: 16/20 MP: 7/7
  1960 | D:2      | Learned a level 3 spell: Mephitic Cloud
  2073 | D:3      | Reached XP level 4. HP: 26/26 MP: 8/8
  2318 | D:3      | Noticed Jessica
  2322 | D:3      | Killed Jessica
  2322 | D:3      | Gained mutation: You can fly continuously. [Tengu growth]
  2322 | D:3      | Reached XP level 5. HP: 28/31 MP: 9/9
  2775 | D:3      | Noticed Robin
  2782 | D:3      | Killed Robin
  3356 | D:3      | Reached XP level 6. HP: 37/37 MP: 11/11
  3793 | D:3      | Learned a level 3 spell: Ignite Poison
  3890 | D:4      | Noticed Natasha
  3897 | D:4      | Killed Natasha
  4019 | D:4      | Noticed a phantom
  4056 | D:4      | Killed a phantom
  4187 | D:3      | Reached skill level 5 in Poison Magic
  4187 | D:3      | Reached XP level 7. HP: 27/43 MP: 12/12
  4320 | D:4      | Noticed Natasha
  4330 | D:4      | Killed Natasha
  4614 | D:4      | Noticed Natasha
  4617 | D:4      | Noticed Eustachio
  4623 | D:4      | Killed Natasha
  4649 | D:4      | Killed Eustachio
  4649 | D:4      | Reached XP level 8. HP: 40/48 MP: 2/14
  4813 | D:4      | Found a white marble altar of Elyvilon.
  4815 | D:4      | Reached skill level 5 in Fighting
  4930 | D:4      | Found a runed translucent door.
  4931 | D:4      | Noticed Crazy Yiuf
  5166 | D:4      | Killed Crazy Yiuf
  5363 | D:5      | Entered Level 5 of the Dungeon
  5369 | D:5      | Learned a level 4 spell: Olgreb's Toxic Radiance
  5373 | D:5      | Noticed Menkaure
  5375 | D:5      | Killed Menkaure
  5444 | D:5      | Noticed Edmund
  5455 | D:5      | Killed Edmund
  5682 | D:5      | Noticed Blork the orc
  5690 | D:5      | Killed Blork the orc
  5693 | D:5      | Noticed Duvessa
  5696 | D:5      | Noticed Dowan
  5707 | D:5      | Killed Dowan
  5711 | D:5      | Killed Duvessa
  6133 | D:6      | Reached XP level 9. HP: 16/56 MP: 16/16
  6836 | D:6      | Found a staircase to the Ecumenical Temple.
  6863 | Temple   | Entered the Ecumenical Temple
  7092 | Temple   | Became a worshipper of Sif Muna the Loreminder
  7359 | D:6      | Found Pifrip's Weapon Boutique.
  7656 | D:6      | Found Uvomur's Jewellery Boutique.
  7662 | D:6      | Reached skill level 1 in Invocations
  8081 | D:7      | Reached * piety under Sif Muna
  9188 | D:8      | Noticed Joseph
  9211 | D:8      | Killed Joseph
  9211 | D:8      | Reached XP level 10. HP: 36/64 MP: 17/17
  9375 | D:8      | Found Fuifaz's Antique Weapon Emporium.
  9392 | D:8      | Found Futegois's Antique Weapon Shop.
  9524 | D:8      | Found Ymaniggaba's Book Emporium.
  9681 | D:8      | Found a radiant altar of Vehumet.
 10045 | D:9      | Found a glowing golden altar of the Shining One.
 10177 | D:9      | Reached ** piety under Sif Muna
 10724 | D:9      | Found a stormy altar of Qazlal.
 10726 | D:9      | Found a hazy altar of Hepliaklqana.
 10728 | D:9      | Found a shimmering altar of Xom.
 10974 | D:10     | Entered Level 10 of the Dungeon
 10982 | D:10     | Got a warped leather armour
 10993 | D:10     | Identified the cursed +0 leather armour of Makhleb's
                  | Outrage {-Cast rN+ rCorr Dex+2} (You found it on level 10
                  | of the Dungeon)
 11080 | D:10     | Found a bloodstained altar of Trog.
 11097 | D:10     | Reached skill level 5 in Invocations
 11097 | D:10     | Reached skill level 5 in Dodging
 11600 | D:10     | Reached *** piety under Sif Muna
 11728 | D:10     | Reached XP level 11. HP: 51/71 MP: 18/18
 11770 | D:10     | Found a staircase to the Orcish Mines.
 12195 | D:10     | Reached **** piety under Sif Muna
 12597 | Orc:1    | Entered Level 1 of the Orcish Mines
 12601 | Orc:1    | Noticed an orc knight
 12602 | Orc:1    | Noticed an orc knight
 12610 | Orc:1    | Killed an orc knight
 12610 | Orc:1    | Reached skill level 10 in Fighting
 12610 | Orc:1    | Killed an orc knight
 13261 | Orc:2    | Entered Level 2 of the Orcish Mines
 13266 | Orc:2    | Found a staircase to the Elven Halls.
 13299 | Orc:2    | Noticed a two-headed ogre
 13303 | Orc:2    | Noticed a two-headed ogre
 13305 | Orc:2    | Killed a two-headed ogre
 13307 | Orc:2    | Noticed an orc sorcerer
 13310 | Orc:2    | Killed an orc sorcerer
 13310 | Orc:2    | Reached skill level 1 in Fire Magic
 13313 | Orc:2    | Noticed an ogre mage
 13317 | Orc:1    | Noticed an ettin
 13317 | Orc:1    | Noticed an orc knight
 13319 | Orc:1    | Killed an orc knight
 13319 | Orc:1    | Reached ***** piety under Sif Muna
 13319 | Orc:1    | Identified Sif Muna's Handbook of Ghastly Stones (Sif Muna
                  | gifted it to you on level 1 of the Orcish Mines)
 13319 | Orc:1    | Received a gift from Sif Muna
 13323 | Orc:1    | Killed an ettin
 13653 | Orc:2    | Noticed a two-headed ogre
 13659 | Orc:2    | Killed an ogre mage
 13659 | Orc:2    | Reached XP level 12. HP: 63/78 MP: 19/19
 13659 | Orc:2    | Reached skill level 10 in Poison Magic
 13663 | Orc:2    | Killed a two-headed ogre
 13663 | Orc:2    | Killed a two-headed ogre
 13670 | Orc:2    | Found Molozan's Gadget Boutique.
 13681 | Orc:2    | Found Zisytsust's Jewellery Shop.
 13931 | Orc:2    | Noticed an orc warlord
 13934 | Orc:2    | Noticed an orc high priest
 13935 | Orc:2    | Noticed a sun demon
 13937 | Orc:2    | Noticed an orc high priest
 13941 | Orc:2    | Identified Sif Muna's Guide on the Excruciating Entourage
                  | (Sif Muna gifted it to you on level 2 of the Orcish Mines)
 13941 | Orc:2    | Received a gift from Sif Muna
 13941 | Orc:2    | Noticed an orc high priest
 13951 | Orc:2    | Killed an orc warlord
 13951 | Orc:2    | Reached skill level 10 in Dodging
 13952 | Orc:2    | Killed an orc high priest
 13955 | Orc:2    | Killed an orc high priest
 13964 | Orc:2    | Killed an orc high priest
 14183 | Orc:2    | Reached XP level 13. HP: 58/83 MP: 18/20
 14379 | Orc:2    | Reached skill level 1 in Air Magic
 14929 | Orc:2    | Found a roughly hewn altar of Beogh.
 15056 | Orc:2    | Found Taaginga's General Store.
 15057 | Orc:2    | Found Wiath's Book Shop.
 15058 | Orc:2    | Found Fomil's Antique Armour Boutique.
 15058 | Orc:2    | Found Waov's Antique Weapon Boutique.
 15268 | D:8      | Bought the +2 Maxwell's thermic engine {flame, freeze} for
                  | 1276 gold pieces
 15268 | D:8      | Found the +2 Maxwell's thermic engine {flame, freeze}
 15350 | D:6      | Bought an uncursed ring of poison resistance for 240 gold
                  | pieces
 15536 | D:11     | Reached skill level 5 in Spellcasting
 15536 | D:11     | Reached skill level 1 in Long Blades
 15757 | D:11     | Found a staircase to the Lair.
 15919 | D:11     | Identified Sif Muna's Incunabulum of Unstable Confrontation
                  | (Sif Muna gifted it to you on level 11 of the Dungeon)
 15919 | D:11     | Received a gift from Sif Muna
 16451 | D:11     | Learned a level 4 spell: Animate Dead
 16479 | Lair:1   | Entered Level 1 of the Lair of Beasts
 16706 | Lair:1   | Reached skill level 1 in Necromancy
 17015 | Lair:1   | Noticed Gastronok
 17027 | Lair:1   | Killed Gastronok
 18228 | Lair:1   | Reached skill level 5 in Long Blades
 18490 | Lair:1   | Reached skill level 5 in Air Magic
 18805 | Lair:2   | Found a gate leading to a gauntlet.
 18814 | Gauntlet | Entered a Gauntlet
 18814 | Gauntlet | Found a transporter.
 18824 | Gauntlet | Found a transporter.
 18825 | Gauntlet | Found a transporter.
 18833 | Gauntlet | Found a transporter.
 18837 | Gauntlet | Found a transporter.
 18848 | Gauntlet | Found a transporter.
 18849 | Gauntlet | Found a transporter.
 18861 | Gauntlet | Found a transporter.
 18861 | Gauntlet | Found a transporter.
 18872 | Gauntlet | Found a transporter.
 18902 | Gauntlet | Found a transporter.
 18914 | Gauntlet | Found a transporter.
 18926 | Gauntlet | Found a transporter.
 18938 | Gauntlet | Found a transporter.
 19081 | Gauntlet | Reached XP level 14. HP: 84/88 MP: 24/24
 19090 | Gauntlet | Got a glimmering cloak
 19101 | Gauntlet | Identified the +2 cloak of Daxtoduf {Int+2 Stlth+} (You
                  | found it in a Gauntlet)
 19115 | Gauntlet | Identified Umoicyacw's Reference Book on Snow and Poison
                  | (Sif Muna gifted it to you in a Gauntlet)
 19115 | Gauntlet | Received a gift from Sif Muna
 19124 | Gauntlet | Learned a level 6 spell: Eringya's Noxious Bog
 19282 | Gauntlet | Identified the +4 scale mail "Qolec" {Rampage rPois MR-}
 19305 | Gauntlet | Reached skill level 5 in Necromancy
 19609 | Lair:2   | Identified a scroll of acquirement
 19609 | Lair:2   | Acquired 750 gold pieces
 20839 | Lair:3   | Found a hole to the Spider Nest.
 22080 | Lair:4   | Found a staircase to the Shoals.
 23075 | Lair:5   | Found a runed translucent door.
 23075 | Lair:5   | Found a viscous altar of Jiyva.
 23075 | Lair:5   | Found a staircase to the Slime Pits.
 23075 | Lair:5   | Noticed an azure jelly
 23075 | Lair:5   | Noticed an azure jelly
 23075 | Lair:5   | Noticed an azure jelly
 23075 | Lair:5   | Noticed an azure jelly
 23164 | Lair:5   | Identified Naagithi's Almanac of Lethal Execration (Sif
                  | Muna gifted it to you on level 5 of the Lair of Beasts)
 23164 | Lair:5   | Received a gift from Sif Muna
 23883 | Lair:6   | Entered Level 6 of the Lair of Beasts
 23890 | Lair:5   | Reached skill level 5 in Transmutations
 25045 | Lair:6   | Reached XP level 15. HP: 92/92 MP: 11/27
 26701 | Lair:6   | Reached skill level 10 in Long Blades
 27086 | Lair:6   | Learned a level 5 spell: Irradiate
 27247 | D:12     | Found Lojuivebe's Distillery.
 27255 | D:12     | Identified Cuenoite's Almanac of Feathery Transmigration
                  | (Sif Muna gifted it to you on level 12 of the Dungeon)
 27255 | D:12     | Received a gift from Sif Muna
 27553 | D:12     | Found a portal to a secret trove of treasure.
 27928 | D:12     | Bought a potion of heal wounds for 90 gold pieces
 27928 | D:12     | Bought a potion of haste for 180 gold pieces
 27928 | D:12     | Bought a potion of heal wounds for 90 gold pieces
 28017 | D:12     | You are sucked into a shaft and drop 3 floors!
 28017 | D:15     | Entered Level 15 of the Dungeon
 28164 | D:15     | Reached skill level 10 in Necromancy
 28614 | D:15     | Found a shattered altar of Ashenzari.
 28874 | D:15     | Noticed Jorgrun
 28892 | D:15     | Reached skill level 1 in Shields
 28906 | D:15     | HP: 2/92 [seven-headed hydra (6)]
 28906 | D:15     | Slain by a seven-headed hydra

Illustrated notes

Levels and vault maps discovered:
D:1:      minmay_arrival_shoal_huts, layout_basic, minmay_misc_feat_rows
D:2:      layout_rooms
D:3:      cheibrodos_old_hovel, layout_loops_corners, uniq_jessica, uniq_robin
D:4:      layout_rooms, kennysheep_mini_moat, uniq_crazy_yiuf_cottage,
          uniq_natasha, uniq_eustachio
D:5:      layout_rooms, uniq_duvessa, uniq_edmund, uniq_blork_the_orc,
          uniq_menkaure
D:6:      layout_gridville, minmay_temple_entry_enclosed_plants, serial_shops,
          shop, shop, chequers_serial_rivers_large_b
D:7:      layout_cave_pods
D:8:      layout_basic, vehumet_statue, serial_shops, shop, shop, shop,
          uniq_joseph
D:9:      layout_basic, tso_oasis_becter, gammafunk_temple_overflow_forgotten
D:10:     layout_basic, hiddenorc2_lemuel, basic_altar
D:11:     layout_gridville, lair_entry_dummy
D:12:     layout_cave_pools, enter_trove_0, serial_shops, shop
D:15:     grunt_enter_depths_magical_seal, layout_small_grid, special_room
          [special_room_orc], serial_shops, shop, ashenzari_altar_1,
          minmay_three_doors, uniq_jorgrun
Temple:   eino_temple_scatter_basement
Lair:1:   cheibrodos_lair_river_kwai, layout_regular_city,
          chequers_serial_rivers_room_b, hangedman_lair_generics_rect,
          uniq_gastronok
Lair:2:   layout_regular_city, gauntlet_entry_generic, grunt_megastairs_3,
          minmay_lair_oklob_chamber, lemuel_fruit_tree
Lair:3:   layout_loops_ring, spider_nest_entry_web_field,
          chequers_serial_rivers_small_3
Lair:4:   layout_long_grid, shoals_dummy_entry
Lair:5:   layout_regular_city, slime_altar_2
Lair:6:   guppyfry_lair_end_dragon, layout_regular_city,
          chequers_serial_rivers_micro_d, chequers_serial_rivers_micro_a,
          bobbens_dragon_lair_wall
Orc:1:    layout_caves, uniq_fannar
Orc:2:    st_orc_congregation, layout_diamond_mine, serial_shops,
          nicolae_shop_behind_doors, minmay_shop_enchanted_jewellery,
          nicolae_orc_damp_corner, mines1_david

Skill      XL: |  1  2  3  4  5  6  7  8  9 10 11 12 13 14 15 |
---------------+----------------------------------------------+-----
Fighting       | 1 2 3 4 6 8 9 10 | 10.3
Transmutations | 1 2 3 4 5 6 |  6.0
Poison Magic   | 4 5 7 8 9 11 12 | 12.1
Spellcasting   | 3 4 6 7 8 |  8.2
Invocations    | 3 5 8 |  8.2
Dodging        | 4 5 7 10 11 12 | 12.0
Fire Magic     | 4 |  4.0
Air Magic      | 5 |  5.0
Long Blades    | 5 8 10 | 10.5
Necromancy     | 4 8 10 | 10.0
Shields        | 1 |  1.1
Stealth        | |  2.0

Action                   |  1- 3 |  4- 6 |  7- 9 | 10-12 | 13-15 || total
-------------------------+-------+-------+-------+-------+-------++-------
Melee: Kick              |     7 |    17 |    32 |    37 |   197 ||   290
       Unarmed           |     2 |       |       |       |       ||     2
       Short sword       |    47 |    28 |       |       |       ||    75
       Peck              |     4 |    10 |    24 |    19 |   127 ||   184
       Dagger            |       |    70 |    49 |       |       ||   119
       Flail             |       |    10 |       |       |       ||    10
       Quarterstaff      |       |       |    80 |       |       ||    80
       Halberd           |       |       |    33 |   194 |    31 ||   258
       Double sword      |       |       |       |       |   643 ||   643
 Cast: Sting             |    39 |    35 |    29 |       |     2 ||   105
       Poisonous Vapours |       |     3 |    37 |    28 |    37 ||   105
       Ignite Poison     |       |       |     6 |    29 |    52 ||    87
       Olgreb's Toxic Ra |       |       |     5 |    37 |    42 ||    84
       Mephitic Cloud    |       |       |     4 |     2 |    18 ||    24
       Animate Dead      |       |       |       |       |     7 ||     7
       Eringya's Noxious |       |       |       |       |     4 ||     4
Invok: Channel Magic     |       |       |       |     2 |     1 ||     3
 Abil: Fly               |       |     1 |       |       |       ||     1
Evoke: Wand              |       |     2 |     2 |       |    14 ||    18
  Use: Scroll            |    11 |     2 |     8 |     3 |    17 ||    41
       Potion            |       |       |     1 |       |     9 ||    10
 Stab: Sleeping          |     4 |     2 |     4 |     7 |     9 ||    26
       Distracted        |       |       |     1 |       |     2 ||     3
       Confused          |       |       |       |       |     1 ||     1
Armor: Robe              |    30 |    18 |    58 |    61 |   166 ||   333
Dodge: Dodged            |    59 |    82 |   143 |   172 |   917 ||  1373
Block: Buckler           |       |       |       |       |     5 ||     5
       Rpst.: Double sword |       |       |       |       |   181 ||   181

Table legend: (Time is in decaauts)
 A = Elapsed time spent in this place.
 B = Non-inter-level travel time spent in this place.
 C = Inter-level travel time spent in this place.
 D = Time resting spent in this place.
 E = Time spent auto-exploring this place.
 F = Levels seen in this place.
 G = Mean time per level.
                   A        B        C        D        E       F      G
               +--------+--------+--------+--------+--------+-----+--------+
         Total |  27950 |  26787 |   1163 |   3341 |  19176 |  23 | 1215.2 |
       Dungeon |  15240 |  14488 |    752 |   1599 |  10582 |  13 | 1172.3 |
        Temple |    223 |    179 |     44 |      0 |    177 |   1 |  223.0 |
          Lair |   9563 |   9272 |    291 |   1059 |   6873 |   6 | 1593.8 |
  Orcish Mines |   2170 |   2096 |     74 |    273 |   1407 |   2 | 1085.0 |
      Gauntlet |    753 |    753 |      0 |    410 |    136 |   1 |  753.0 |
               +--------+--------+--------+--------+--------+-----+--------+

Top non-repeatable levels by time:
  Lair:6: 2727 daAuts
  Lair:1: 2285 daAuts
    D:10: 1961 daAuts
     D:3: 1571 daAuts
     D:6: 1559 daAuts
     D:4: 1402 daAuts
  Lair:5: 1391 daAuts
   Orc:2: 1333 daAuts
     D:1: 1283 daAuts
     D:7: 1260 daAuts
  Lair:3: 1124 daAuts
  Lair:2: 1070 daAuts
     D:2: 1018 daAuts
     D:9: 995 daAuts
    D:11: 994 daAuts
